 Dungeon Crawl Stone Soup version 0.29.1-12-g30fa7ad0bf (webtiles) character file.

Game seed: 5453863567311206045

60 hawla the Chiller (level 4, -5/33 HPs)
             Began as a Meteoran Ice Elementalist on Dec 12, 2022.
             Slain by Edmund
             ... wielding a +0 dire flail of holy wrath
              (10 damage)
             ... on level 4 of the Dungeon.
             The game lasted 00:02:28 (210 turns).

hawla the Chiller (Meteoran Ice Elementalist)        Turns: 210, Time: 00:02:29

Health: -5/33      AC:  2    Str:  9    XL:     4   Next: 48%
Magic:  7/10       EV: 12    Int: 19    God:
Gold:   55         SH:  0    Dex: 14    Spells: 6/10 levels left

rFire   . . .      SeeInvis .   (no weapon)
rCold   . . .      Faith    .   (no shield)
rNeg    . . .      Spirit   .   a - +0 robe
rPois   .          Reflect  .   (no helmet)
rElec   .          Harm     .   (no cloak)
rCorr   .          Rampage  .   (no gloves)
Will    .....                   (no boots)
Stlth   +.........              (no amulet)
HPRegen 0.11/turn               (no ring)
MPRegen 0.12/turn               (no ring)

@: freezing walls, glowing
A: sense surroundings 1, otherworldly, glowing, explore regen
a: no special abilities


You were on level 4 of the Dungeon.
You visited 1 branch of the dungeon, and saw 4 of its levels.

You collected 55 gold pieces.

Inventory:

Armour
 a - a +0 robe (worn)
Wands
 e - a wand of digging (5)
Potions
 b - a potion of magic
 d - 2 potions of resistance


   Skills:
 + Level 2.6 Dodging
 - Level 1.4 Stealth
 + Level 3.6 Spellcasting
 + Level 5.5 Ice Magic


You had 6 spell levels left.
You knew the following spells:

 Your Spells              Type           Power      Damage    Failure   Level
a - Freeze                Ice            96%        1d11      1%          1
b - Frozen Ramparts       Ice            48%        1d8       4%          3

Your spell library contained the following spells:

 Spells                   Type           Power      Damage    Failure   Level
 Ozocubu's Armour         Ice            24%        N/A       4%          3
 Stone Arrow              Conj/Erth      6%         3d7       41%         3
 Hailstorm                Conj/Ice       13%        3d5       41%         4
 Animate Armour           Summ/Erth      6%         N/A       82%         4
 Freezing Cloud           Conj/Ice/Air   5%         6-21      88%         5
 Simulacrum               Ice/Necr       6%         N/A       100%        6
 Lehudib's Crystal Spear  Conj/Erth      1%         10d2      100%        8
 Polar Vortex             Ice            12%        N/A       100%        9


Dungeon Overview and Level Annotations

Branches:
Dungeon (4/15) Zot: 2189
 Temple: D:4-7

Altars:

Annotations:
D:4 Edmund


Innate Abilities, Weirdness & Mutations

You passively map a small area around you.
You are easily found by Zot.
You glow in the dark.
You regain HP and MP as you explore.


Message History

Edmund shouts!
Edmund says, "You wouldn't believe how much I paid for this flail."
You see here a book of Ice.
You pick up a book of Ice and begin reading...
You add the spells Freezing Cloud, Simulacrum and Polar Vortex to your library.
The phantom hits you but does no damage.
This is a scroll of acquirement!
Something appears at your feet! The phantom misses you.
Unknown command.
You hit the phantom.
The phantom is lightly damaged.
The phantom hits you.
You barely miss the phantom. The phantom closely misses you.
You barely miss the phantom.
A dart slug comes into view.
The phantom hits you.
The phantom blinks!
You blink.
You barely miss the phantom. The phantom barely misses you.
You barely miss the phantom. The phantom closely misses you.
You closely miss the phantom. The phantom hits you.
You hit the phantom but do no damage.
The dart slug bites you but does no damage.
Edmund hits you with a +0 dire flail of holy wrath.
The phantom hits you.
Found an inky potion.
Edmund attacks as you move away! Edmund closely misses you.
The phantom attacks as you move away! The phantom barely misses you.
Edmund hits you with a +0 dire flail of holy wrath!
Casting: Freeze (safe; 1% risk of failure)
Confirm with . or Enter, or press ? or * to list all spells.
Casting: Frozen Ramparts (dangerous; 4% risk of failure)
Press: ? - help, Dir - look around, f - activate The walls around you are covered in ice.
The wall freezes Edmund.
Edmund hits you with a +0 dire flail of holy wrath!
* * * LOW HITPOINT WARNING * * *
The wall freezes the phantom but does no damage.
The phantom closely misses you.
You barely miss the phantom.
The wall freezes Edmund.
Edmund hits you with a +0 dire flail of holy wrath!
You die...

#######...............
,
.!....................
, .............|.......
,
####.#.................
.......................
,
......................
* .#.#.................
,
,,#..wW@........####.#
,####@########## .
........# ######### *


You could see Edmund, a phantom and a dart slug.

Vanquished Creatures
  A hound (D:3)
  2 adders
  3 dart slugs
  A bat (D:3)
  A hobgoblin (D:3)
  A ball python (D:2)
  A frilled lizard (D:2)
  A goblin (D:2)
  A kobold (D:3)
12 creatures vanquished.

Notes
Turn   | Place    | Note
-------+----------+-------------------------------------------
     0 | D:1      | hawla the Meteoran Ice Elementalist began the quest for the
                  | Orb.
     0 | D:1      | Reached XP level 1. HP: 14/14 MP: 5/5
    61 | D:2      | Reached XP level 2. HP: 10/20 MP: 0/6
   135 | D:3      | Noticed a hound
   141 | D:3      | Reached skill level 5 in Ice Magic
   141 | D:3      | Reached XP level 3. HP: 22/26 MP: 4/8
   144 | D:3      | Reached XP level 4. HP: 27/33 MP: 1/9
   159 | D:3      | Learned a level 3 spell: Frozen Ramparts
   182 | D:4      | Noticed a phantom
   191 | D:4      | Noticed Edmund
   197 | D:4      | Identified a scroll of acquirement
   197 | D:4      | Acquired a staff of cold
   210 | D:4      | Slain by Edmund

Illustrated notes

Levels and vault maps discovered:
D:1:      dpeg_arrival_leaves_temple_mockup, layout_basic,
          ebering_ecumenical_altar_petrified
D:2:      layout_rooms, serial_shops, nicolae_shop_statue_plus,
          grunt_decor_fettered
D:3:      layout_rooms, kennysheep_generic_room_10, uniq_ijyb
D:4:      layout_basic, uniq_edmund, uniq_pikel

Skill      XL: |  1  2  3 |
---------------+----------+-----
Ice Magic      | 5 |  5.5
Spellcasting   | 3 |  3.6
Dodging        | |  2.6
Stealth        | |  1.4

Action                   |  1- 3 |  4- 6 || total
-------------------------+-------+-------++-------
Melee: Unarmed           |     1 |     8 ||     9
 Cast: Freeze            |    16 |     8 ||    24
       Frozen Ramparts   |       |     1 ||     1
  Use: Scroll            |     2 |     1 ||     3
Armor: Robe              |     1 |     2 ||     3
Dodge: Dodged            |     9 |    10 ||    19
